 Dungeon Crawl Stone Soup version 0.27-a0-695-gb4952372f7 (webtiles) character file.

Game seed: 16870486173434496867

9108 HoaS the Grappler (level 10, 0/84 HPs)
             Began as a Demigod Gladiator on Mar 21, 2021.
             Slain by a seven-headed hydra (12 damage)
             ... on level 10 of the Dungeon.
             The game lasted 00:24:54 (11048 turns).

HoaS the Grappler (Demigod Gladiator)              Turns: 11048, Time: 00:24:55

Health: 0/84       AC: 17    Str: 23    XL:     10   Next: 99%
Magic:  13/13      EV: 16    Int: 10    God:
Gold:   2284       SH:  0    Dex: 22    Spells: 9/9 levels left

rFire    . . .     SeeInvis .     - Unarmed
rCold    . . .     Faith    .   (no shield)
rNeg     + . .     Spirit   .   y - +0 troll leather armour
rPois    .         Reflect  .   b - +2 helmet
rElec    +         Harm     .   (no cloak)
rCorr    .         Rampage  .   t - +2 pair of gloves
Will     +....                  v - +0 pair of boots of the Stone Wall {rElec rN+ Dex+3}
Stlth    ++........             u - amulet of regeneration
HPRegen  2.24/turn              o - +4 ring of protection
MPRegen  0.13/turn              (no ring)

@: no status effects
A: high mp 1, forlorn
a: no special abilities


You were on level 10 of the Dungeon.
You visited 2 branches of the dungeon, and saw 11 of its levels.
You also visited: Sewer.

You collected 3101 gold pieces.
You spent 817 gold pieces at shops.

Inventory:

Missiles
 a - 14 boomerangs
 s - 42 poisoned darts
 z - 4 silver boomerangs
Armour
 b - a +2 helmet (worn)
 t - a +2 pair of gloves (worn)
 v - the +0 pair of boots of the Stone Wall (worn) {rElec rN+ Dex+3}
   (You bought it in a shop on level 5 of the Dungeon)

   It affects your dexterity (+3).
   It insulates you from electricity.
   It protects you from negative energy.
 w - a +0 plate armour
 y - a +0 troll leather armour (worn)
Jewellery
 o - a +4 ring of protection (right hand)
 u - an amulet of regeneration (around neck)
Wands
 j - a wand of acid (8) (quivered)
 x - a wand of flame (22)
 A - a wand of charming (12)
Scrolls
 c - a scroll of identify
 g - 2 scrolls of fear
 h - 13 scrolls of teleportation
 i - a scroll of summoning
 l - 4 scrolls of blinking
 q - a scroll of fog
 C - a scroll of holy word {unknown}
Potions
 e - 6 potions of curing
 f - a potion of invisibility
 k - a potion of ambrosia
 m - a potion of magic {unknown}
 n - 3 potions of flight
 p - 2 potions of heal wounds
 r - 6 potions of resistance
 B - a potion of berserk rage {unknown}


   Skills:
 + Level 6.5 Fighting
 - Level 1.7 Throwing
 + Level 6.5 Armour
 + Level 6.5 Dodging
 * Level 11.9 Unarmed Combat


You had 9 spell levels left.
You didn't know any spells.
Your spell library contained the following spells:

 Spells                   Type           Power      Damage    Failure   Level
 Foxfire                  Conj/Fire      0%         2x1d4     38%         1
 Magic Dart               Conj           0%         1d3       38%         1
 Blink                    Tloc           N/A        N/A       54%         2
 Call Imp                 Summ           0%         N/A       54%         2
 Poisonous Vapours        Pois/Air       0%         N/A       54%         2
 Slow                     Hex            0%         N/A       54%         2
 Call Canine Familiar     Summ           0%         N/A       77%         3
 Confusing Touch          Hex            0%         N/A       77%         3
 Conjure Flame            Conj/Fire      0%         6-21      77%         3
 Gell's Gravitas          Tloc           0%         N/A       77%         3
 Inner Flame              Hex/Fire       0%         N/A       77%         3
 Mephitic Cloud           Conj/Pois/Air  0%         N/A       77%         3
 Petrify                  Tmut/Erth      0%         N/A       99%         4
 Sticky Flame             Conj/Fire      0%         2d3       99%         4
 Summon Ice Beast         Ice/Summ       0%         N/A       99%         4
 Fireball                 Conj/Fire      0%         3d3       100%        5
 Metabolic Englaciation   Hex/Ice        0%         N/A       100%        5
 Yara's Violent Unravell  Hex/Tmut       0%         3d3       100%        5
 Freezing Cloud           Conj/Ice/Air   0%         6-21      100%        6
 Iron Shot                Conj/Erth      0%         9d1       100%        6
 Malign Gateway           Summ/Tloc      0%         N/A       100%        7


Dungeon Overview and Level Annotations

Branches:
Dungeon (10/15)            Temple (0/1) D:4            Lair (1/6) D:10
    Orc (0/2) D:9           Sewer (visited)

Shops:
D:1 !   D:4 ??   D:5 [   D:7 *


Innate Abilities, Weirdness & Mutations

Your attributes grow dramatically as you level up.
You have an increased reservoir of magic. (+10% MP)
You shall have no god before yourself.


Message History

The seven-headed hydra bites you but does no damage.
The seven-headed hydra bites you.
* * * LOW HITPOINT WARNING * * *
The seven-headed hydra completely misses you.
The seven-headed hydra closely misses you.
The seven-headed hydra misses you.
You feel much better. The seven-headed hydra misses you.
The seven-headed hydra bites you. The seven-headed hydra misses you.
The seven-headed hydra bites you. The seven-headed hydra bites you!
The seven-headed hydra bites you but does no damage.
The seven-headed hydra bites you!
You feel much better.
The seven-headed hydra closely misses you.
The seven-headed hydra bites you! The seven-headed hydra bites you.
The seven-headed hydra bites you! The seven-headed hydra misses you.
The seven-headed hydra bites you but does no damage.
The seven-headed hydra misses you.
You barely miss the seven-headed hydra.
The seven-headed hydra is heavily wounded.
The seven-headed hydra is no longer covered in acid.
The seven-headed hydra bites you but does no damage. x3
The seven-headed hydra barely misses you.
The seven-headed hydra misses you.
The seven-headed hydra bites you but does no damage.
The seven-headed hydra bites you.
You hit the seven-headed hydra.
The seven-headed hydra is heavily wounded.
You punch the seven-headed hydra!
The seven-headed hydra is severely wounded.
The seven-headed hydra misses you.
The seven-headed hydra barely misses you.
The seven-headed hydra bites you. x2
The seven-headed hydra bites you but does no damage. x2
The seven-headed hydra bites you.
You barely miss the seven-headed hydra.
The seven-headed hydra is severely wounded.
The seven-headed hydra bites you!
* * * LOW HITPOINT WARNING * * *
The seven-headed hydra bites you!
You die...

######'###
#........####
#........'..#
######........##..
#.............####
#.########'####
#.# #..# #D# ##.#
#@# #.# ### #.#
####'####
#.....#.#
#.#.#.#.###
#.#.#...'..
#.#.###.###
#.#...#.#
#.#.#.#.#


You could see a seven-headed hydra.

Vanquished Creatures
  A two-headed ogre (D:9)
  Pikel (D:9)
  Maurice (D:9)
  A gargoyle (D:7)
  2 black mambas
  2 komodo dragons (Lair:1)
  3 trolls
  Grinder (D:6)
  A vampire (D:9)
  A wyvern (D:9)
  Menkaure (D:6)
  Edmund (D:6)
  6 orc warriors
  2 ice beasts (D:5)
  4 sky beasts
  A black bear (D:5)
  5 ogres
  A phantom (D:9)
  2 centaurs
  The ghost of p0werm0de the Skirmisher, an amateur GrFi (D:4)
  6 kobold brigands
  4 bullfrogs
  3 gnoll sergeants
  6 scorpions
  5 wights
  5 howler monkeys
  2 centaur zombies
  5 hounds
  4 jellies
  4 orc priests
  A centaur skeleton (D:8)
  2 bullfrog skeletons
  4 iguanas
  8 orc wizards
  7 worker ants
  2 hound zombies
  2 hound skeletons
  A howler monkey zombie (D:8)
  A worker ant zombie (D:8)
  14 gnolls
  7 adders
  A river rat (Sewer)
  A white imp (D:8)
  2 ufetubi
  3 oozes
  2 worms
  A dart slug (D:1)
  9 leopard geckos
  24 orcs
  9 bats
  5 giant cockroaches
  4 goblins
  9 hobgoblins
  4 jackals
  4 quokkas
  A ball python (D:1)
  5 frilled lizards
  A jackal zombie (D:6)
  10 kobolds
  A leopard gecko skeleton (D:6)
  2 quokka skeletons
  13 rats
  A rat zombie (D:5)
243 creatures vanquished.

Vanquished Creatures (collateral kills)
  A giant cockroach (D:3)
1 creature vanquished.

Vanquished Creatures (others)
  An orc wizard (D:6)
  3 fungi (Lair:1)
  2 plants (Lair:1)
  2 withered plants (D:4)
8 creatures vanquished.

Grand Total: 252 creatures vanquished

Notes
Turn   | Place    | Note
-------+----------+-------------------------------------------
     0 | D:1      | HoaS the Demigod Gladiator began the quest for the Orb.
     0 | D:1      | Reached XP level 1. HP: 17/17 MP: 3/3
    24 | D:1      | Reached skill level 3 in Unarmed Combat
   384 | D:1      | Reached XP level 2. HP: 22/24 MP: 4/4
   851 | D:1      | Reached XP level 3. HP: 25/29 MP: 5/5
   895 | D:1      | Found Uriast's Distillery.
   901 | D:1      | Reached skill level 4 in Unarmed Combat
  2474 | D:4      | Identified a scroll of acquirement
  2474 | D:4      | Acquired 880 gold pieces
  2486 | D:4      | Found Duussuwk's Magic Scroll Shoppe.
  2491 | D:4      | Bought a scroll of teleportation for 36 gold pieces
  2491 | D:4      | Bought a scroll of enchant armour for 90 gold pieces
  2491 | D:4      | Bought a scroll of blinking for 90 gold pieces
  2542 | D:4      | Identified the +1 pair of boots of an ice cave {+Blink}
  2594 | D:4      | Reached XP level 4. HP: 32/36 MP: 6/6
  2726 | D:4      | Found Visuckoy's Magic Scroll Shoppe.
  2729 | D:4      | Bought a scroll of blinking for 82 gold pieces
  2729 | D:4      | Bought a scroll of blinking for 82 gold pieces
  2739 | D:4      | Noticed an ogre
  2753 | D:4      | Killed an ogre
  2754 | D:4      | Reached skill level 5 in Unarmed Combat
  2754 | D:4      | Reached XP level 5. HP: 28/41 MP: 7/7
  3006 | D:4      | Reached skill level 6 in Unarmed Combat
  3215 | D:4      | Found a runed translucent door.
  3215 | D:4      | Noticed p0werm0de's ghost (amateur GrFi)
  3316 | D:4      | Reached XP level 6. HP: 41/48 MP: 8/8
  3497 | D:4      | Found a staircase to the Ecumenical Temple.
  4162 | D:4      | Killed p0werm0de's ghost
  4163 | D:4      | Reached skill level 7 in Unarmed Combat
  4373 | D:5      | Entered Level 5 of the Dungeon
  4480 | D:5      | Found Lamnew's Armour Shop.
  4573 | D:5      | Reached XP level 7. HP: 37/53 MP: 9/9
  4647 | D:5      | Reached skill level 8 in Unarmed Combat
  4853 | D:5      | Acquired 488 gold pieces
  5015 | D:5      | Found a glowing drain.
  5019 | Sewer    | Entered a sewer
  5365 | D:5      | Reached skill level 9 in Unarmed Combat
  5380 | D:5      | Reached skill level 1 in Armour
  5387 | D:5      | Reached XP level 8. HP: 44/62 MP: 10/10
  5486 | D:5      | Identified the Disquisition on Summoning and the Rocks
  5634 | D:5      | Bought the +0 pair of boots of the Stone Wall {rElec rN+
                  | Dex+3} for 377 gold pieces
  6285 | D:6      | Noticed Menkaure
  6300 | D:6      | Noticed Edmund
  6316 | D:6      | Killed Edmund
  6333 | D:6      | Killed Menkaure
  7131 | D:6      | Noticed Grinder
  7142 | D:6      | Killed Grinder
  7327 | D:7      | Found Syubroos's Assorted Antiques.
  7338 | D:7      | Bought a potion of curing for 60 gold pieces
  7347 | D:7      | Acquired 1001 gold pieces
  7381 | D:7      | Noticed a gargoyle
  7390 | D:7      | Killed a gargoyle
  7391 | D:7      | Reached XP level 9. HP: 71/71 MP: 11/11
  7722 | D:7      | Reached skill level 10 in Unarmed Combat
  8968 | D:8      | Reached skill level 5 in Fighting
  8968 | D:8      | Reached skill level 5 in Dodging
  8973 | D:8      | Reached skill level 5 in Armour
  9319 | D:9      | Noticed Maurice
  9336 | D:9      | Killed Maurice
  9426 | D:9      | Noticed a two-headed ogre
  9431 | D:9      | Killed a two-headed ogre
  9432 | D:9      | Reached skill level 11 in Unarmed Combat
  9432 | D:9      | Reached XP level 10. HP: 81/81 MP: 13/13
  9600 | D:9      | Noticed Pikel
  9633 | D:9      | Killed Pikel
  9758 | D:9      | Found a staircase to the Orcish Mines.
  9973 | D:10     | Entered Level 10 of the Dungeon
 10559 | D:10     | Found a staircase to the Lair.
 10648 | Lair:1   | Entered Level 1 of the Lair of Beasts
 10648 | Lair:1   | Noticed a black mamba
 10658 | D:10     | Killed a black mamba
 10881 | Lair:1   | Noticed a black mamba
 10898 | Lair:1   | Killed a black mamba
 10998 | Lair:1   | Noticed a seven-headed hydra
 11000 | Lair:1   | Noticed an eight-headed hydra
 11041 | D:10     | HP: 2/84 [seven-headed hydra (6)]
 11048 | D:10     | Slain by a seven-headed hydra

Illustrated notes

Levels and vault maps discovered:
D:1:      psy_arrival_statuary, layout_rooms, serial_shops, shop
D:2:      layout_loops_corners, good_gods_temple_1
D:3:      layout_loops_cross, okawaru_ov_weapons_minmay
D:4:      layout_basic, lightli_temple_of_fire, temple_hall,
          gammafunk_ghost_grave, serial_shops, nicolae_shop_statue_plus,
          kennysheep_mini_moat, st_stairs_6
D:5:      minmay_razor_zed, layout_basic, lemuel_zombie_altar_kikubaaqudgha,
          overflow_temple_1_default, gup_sewer_entry_bowl, grunt_ministairs_12,
          kennysheep_windowed_goal
D:6:      layout_layer_cave, grunt_decor_junction, uniq_edmund, uniq_grinder,
          uniq_menkaure
D:7:      layout_gridville, serial_shops,
          nicolae_shop_temple_entry_statues_fountains
D:8:      layout_gridville, basic_altar
D:9:      layout_rooms, chequers_temple_overflow_statue_of_worship,
          kennysheep_orc_monster_closet_entryway, basic_altar, uniq_maurice,
          uniq_pikel
D:10:     layout_roguey, lair_entry_dummy
Lair:1:   layout_layer_cave, serial_bayou_shore_b, grunt_megastairs_1

Skill      XL: |  1  2  3  4  5  6  7  8  9 10 |
---------------+-------------------------------+-----
Unarmed Combat | 3 4 5 6 7 9 11 | 11.9
Fighting       | 2 4 5 6 |  6.5
Armour         | 1 4 5 6 |  6.5
Dodging        | 3 4 5 6 |  6.5
Throwing       | |  1.7

Action                   |  1- 3 |  4- 6 |  7- 9 | 10-12 || total
-------------------------+-------+-------+-------+-------++-------
Melee: Unarmed           |   185 |   136 |   483 |   245 ||  1049
       Punch             |     8 |     6 |    33 |    19 ||    66
Throw: Throwing net      |       |     1 |     5 |     1 ||     7
       Boomerang         |       |       |     1 |       ||     1
       Dart              |       |       |     3 |     6 ||     9
Evoke: Wand              |       |       |     5 |     1 ||     6
  Use: Scroll            |     9 |     1 |    13 |     1 ||    24
       Potion            |       |     1 |       |     3 ||     4
 Stab: Sleeping          |     4 |       |       |     2 ||     6
       Held in net/web   |       |     1 |     6 |       ||     7
Armor: Leather armour    |    57 |       |       |       ||    57
       Ring mail         |     1 |    28 |    16 |       ||    45
       Chain mail        |       |       |   101 |       ||   101
       Plate armour      |       |       |   166 |    15 ||   181
       Troll leather arm |       |       |       |    75 ||    75
Dodge: Dodged            |   138 |    56 |   170 |   161 ||   525

Table legend: (Time is in decaauts)
 A = Elapsed time spent in this place.
 B = Non-inter-level travel time spent in this place.
 C = Inter-level travel time spent in this place.
 D = Time resting spent in this place.
 E = Time spent auto-exploring this place.
 F = Levels seen in this place.
 G = Mean time per level.
                   A        B        C        D        E       F      G
               +--------+--------+--------+--------+--------+-----+--------+
         Total |  10912 |  10497 |    415 |   1283 |   7091 |  12 |  909.3 |
       Dungeon |  10264 |   9849 |    415 |   1207 |   6711 |  10 | 1026.4 |
          Lair |    374 |    374 |      0 |     11 |    256 |   1 |  374.0 |
         Sewer |    274 |    274 |      0 |     65 |    123 |   1 |  274.0 |
               +--------+--------+--------+--------+--------+-----+--------+

Top non-repeatable levels by time:
     D:4: 1891 daAuts
     D:6: 1351 daAuts
     D:5: 1265 daAuts
     D:1: 1046 daAuts
     D:7: 1001 daAuts
     D:8: 963 daAuts
     D:2: 805 daAuts
    D:10: 680 daAuts
     D:9: 652 daAuts
     D:3: 607 daAuts
  Lair:1: 374 daAuts
   Sewer: 274 daAuts
